 Dungeon Crawl Stone Soup version 0.31.0-4-g52a2dc7128 (webtiles) character file.

Game seed: 286922531047870443

151 GordonOverkill the Cutter (level 5, -6/16 (32) HPs)
             Began as a Kobold Reaver on Jan 23, 2024.
             Killed by divine providence
             ... invoked by an orc priest
              (11 damage)
             ... on level 3 of the Dungeon.
             The game lasted 00:04:05 (2130 turns).

GordonOverkill the Cutter (Kobold Reaver)           Turns: 2130, Time: 00:04:06

HP:   -6/16 (32)    AC:  9    Str:  9    XL:     5   Next: 60%
MP:   8/9           EV: 14    Int: 16    God:
Gold: 88            SH:  0    Dex: 14    Spells: 3/10 levels left

rFire   . . .        a - +0 short sword
rCold   . . .        (no shield)
rNeg    . . .        b - +0 leather armour
rPois   .            (no helmet)
rElec   .            g - +0 cloak
rCorr   .            d - +2 pair of gloves
SInv    .            h - +1 pair of boots
Will    .....        (no amulet)
Stlth   ++           (no ring)
HPRegen 0.22/turn    (no ring)
MPRegen 0.11/turn

%: no passive effects
@: extremely drained
A: small, no large weapons, nightstalker 3
a: no special abilities


You were on level 3 of the Dungeon.
You visited 1 branch of the dungeon, and saw 3 of its levels.

You collected 88 gold pieces.

Inventory:

Hand Weapons
 a - a +0 short sword (weapon)
Armour
 b - a +0 leather armour (worn)
 d - a +2 pair of gloves (worn)
 g - a +0 cloak (worn)
 h - a +1 pair of boots (worn)
Jewellery
 l - an amulet of reflection
Wands
 j - a wand of iceblast (7)
Scrolls
 i - a scroll of identify {unknown}
Potions
 c - a potion of lignification {unknown}
 e - 2 potions of curing {unknown}
 f - a potion of magic {unknown}
 k - a potion of heal wounds {unknown}


   Skills:
 - Level 3.0 Fighting
 - Level 4.0 Short Blades
 - Level 2.4 Dodging
 - Level 3.0 Spellcasting
 + Level 3.9 Conjurations
 - Level 3.0 Ice Magic


You had 3 spell levels left.
You knew the following spells:

 Your Spells              Type           Power      Damage    Failure   Level
a - Kiss of Death         Conj/Necr      32%        2d7       12%         1
b - Hailstorm             Conj/Ice       13%        3d6       19%         3
c - Ozocubu's Armour      Ice            12%        N/A       22%         3

Your spell library contained the following spells:

 Spells                   Type           Power      Damage    Failure   Level
 Momentum Strike          Conj/Tloc      16%        3d8       19%         2
 Metabolic Englaciation   Hex/Ice        3%         N/A       98%         5
 Alistair's Intoxication  Alch           1%         N/A       100%        5
 Borgnjor's Vile Clutch   Necr/Erth      1%         N/A       100%        5
 Eringya's Noxious Bog    Alch           1%         4d6       100%        6
 Sculpt Simulacrum        Ice/Alch       3%         N/A       100%        6


Dungeon Overview and Level Annotations

Branches:
Dungeon (3/15)

Altars:

Shops:
D:1 (


Innate Abilities, Weirdness & Mutations

You are small and have problems with some larger weapons.
You are completely attuned to the shadows.


Message History

An orc wizard comes into view. It is wielding a +0 dagger.
An orc comes into view. It is wielding a +2 whip of draining.
An orc comes into view. It is wielding a +0 whip.
The orc wizard shouts!
The orc shouts! x2; You hear an angry hiss.
An orc priest comes into view. It is wielding a +0 mace.
You hit the orc.
The orc is severely wounded.
An adder comes into view.
The orc closely misses you.
You hit the orc.
You kill the orc!
The orc wizard hits you with a +0 dagger.
The orc hits you but does no damage. The adder closely misses you.
The orc wizard attacks as it pursues you!
The orc wizard hits you with a +0 dagger.
The orc wizard mumbles some strange words.
The orc wizard flickers and vanishes!
Deactivating autopickup; reactivate with Ctrl-A.
The orc priest hits you but does no damage.
The adder barely misses you.
Found a stone staircase leading down.
The adder bites you but does no damage. The adder attacks as it pursues you!
The adder bites you.
The orc priest mumbles some strange prayers to Beogh against you.
Beogh smites you!
Ouch! That really hurt!
* * * LOW HITPOINT WARNING * * *
The adder bites you but does no damage.
Casting: Kiss of Death (safe; 12% risk of failure)
Confirm with . or Enter, or press ? or * to list all spells.
Aiming: Kiss of Death (safe; 12% risk of failure)
Press: ? - help, Shift-Dir - straight line, f - adder
Aim: an adder (100% to hit)
The negative energy hits the adder.
The adder is drained!
The adder is heavily wounded.
You feel drained.
The orc priest mumbles some strange prayers to Beogh against you.
Beogh smites you!
Ouch! That really hurt!
You die...

.......#
..>...' .....#
#...##......
#@#.........
#S###.......
#..##.o.....
##..o...)...
###o..##...
######..#...
#...........
#..........
#####.........#


You could see an orc priest and an adder (very drained).

Vanquished Creatures
  A bombardier beetle (D:3)
  Jessica (D:2)
  3 adders (D:2)
  4 dart slugs (D:1)
  A ribbon worm (D:3)
  2 orcs (D:3)
  4 ball pythons
  3 endoplasms
  3 giant cockroaches
  5 goblins
  6 hobgoblins
  3 jackals (D:1)
  5 kobolds
  4 bats
  4 frilled lizards
  5 rats
54 creatures vanquished.

Notes
Turn   | Place    | Note
-------+----------+-------------------------------------------
     0 | D:1      | GordonOverkill the Kobold Reaver began the quest for the
                  | Orb.
     0 | D:1      | Reached XP level 1. HP: 12/12 MP: 3/3
    54 | D:1      | Reached XP level 2. HP: 18/18 MP: 5/5
   206 | D:1      | Reached XP level 3. HP: 17/23 MP: 7/7
   471 | D:1      | Reached skill level 1 in Ice Magic
   493 | D:1      | Found a faded altar of an unknown god.
   557 | D:1      | Found Wesi Kar's Weapon Boutique.
   990 | D:2      | Learned a level 3 spell: Hailstorm
  1004 | D:2      | Reached XP level 4. HP: 26/28 MP: 8/8
  1214 | D:2      | Noticed Jessica
  1231 | D:2      | Killed Jessica
  1310 | D:2      | Reached XP level 5. HP: 32/32 MP: 9/9
  1759 | D:3      | Learned a level 3 spell: Ozocubu's Armour
  1896 | D:3      | HP: 1/29 [orc/+2 trident of protection (6)]
  2130 | D:3      | Killed from afar by an orc priest

Illustrated notes

Levels and vault maps discovered:
D:1:      saegor_arrival_simple_d, layout_rooms, serial_shops,
          nicolae_shop_peninsula, dilly_ecumenical_altar_fadedgnrine,
          grunt_decor_arrowhead
D:2:      layout_rooms, reono_crystal_passage, grunt_decor_cap, uniq_jessica
D:3:      kennysheep_six_static_rooms, layout_basic, tso_altar

Skill      XL: |  1  2  3  4 |
---------------+-------------+-----
Fighting       | 3 |  3.0
Spellcasting   | 3 |  3.0
Ice Magic      | 1 3 |  3.0
Short Blades   | |  4.0
Dodging        | |  2.4
Conjurations   | |  3.9

Action                     |  1- 3 |  4- 6 || total
---------------------------+-------+-------++-------
  Melee: Short sword       |    99 |   138 ||   237
         Punch             |       |     1 ||     1
   Cast: Kiss of Death     |       |     4 ||     4
    Use: Scroll            |     1 |     3 ||     4
   Stab: Sleeping          |     4 |     7 ||    11
 Armour: Leather armour    |    35 |    64 ||    99
  Dodge: Dodged            |    50 |    65 ||   115
